 Dungeon Crawl Stone Soup version 0.16.1-2-g95b8d4c (webtiles) character file.

28 Ololoev the Grasshopper (level 3, -1/18 HPs)
             Began as a Spriggan Warper on Mar 24, 2015.
             Slain by Crazy Yiuf
             ... wielding a +4 quarterstaff of chaos
              (2 damage)
             ... on level 3 of the Dungeon.
             The game lasted 00:06:32 (2128 turns).

Ololoev the Grasshopper (Spriggan Warper)           Turns: 2128, Time: 00:06:32

Health: -1/18      AC:  2    Str:  7    XL:     3   Next: 0%
Magic:  10/10      EV: 18    Int: 15    God:
Gold:   98         SH:  0    Dex: 15    Spells: 3 memorised, 2 levels left

rFire  . . .     SeeInvis +     a - +0 short sword
rCold  . . .     Clarity  .     b - +0 robe
rNeg   . . .     SustAb   .     (shield restricted)
rPois  .         Gourm    .     (helmet restricted)
rElec  .         Spirit   .     (no cloak)
rCorr  .         Warding  .     (gloves unavailable)
rMut   .         Stasis   .     (boots unavailable)
MR     .....                    (no amulet)
Stlth  +++.......               j - ring of stealth
                                (no ring)

@: very quick, not resistant to hostile enchantments, fairly stealthy
A: unfitting armour, see invisible, herbivore 3, speed 3, slow metabolism 2
a: no special abilities


You were on level 3 of the Dungeon.
You were not hungry.

You visited 1 branch of the dungeon, and saw 3 of its levels.

You collected 98 gold pieces.

Notes
Turn   | Place    | Note
--------------------------------------------------------------
     0 | D:1      | Ololoev, the Spriggan Warper, began the quest for the Orb.
     0 | D:1      | Reached XP level 1. HP: 10/10 MP: 4/4
   116 | D:2      | Reached skill level 1 in Stealth
   279 | D:3      | Reached XP level 2. HP: 4/14 MP: 7/7
   300 | D:3      | Learned a level 2 spell: Blink
   945 | D:3      | Found a glowing golden altar of the Shining One.
  2046 | D:2      | Reached XP level 3. HP: 18/18 MP: 10/10
  2052 | D:2      | Learned a level 3 spell: Teleport Other
  2111 | D:3      | Noticed Crazy Yiuf
  2128 | D:3      | Slain by Crazy Yiuf

Inventory:

Hand weapons
 a - a +0 short sword (weapon)
Missiles
 e - a tomahawk of dispersal (quivered)
Armour
 b - a +0 robe (worn)
Jewellery
 j - a ring of stealth (right hand)
 m - an uncursed ring of ice
Scrolls
 d - a scroll of blinking
 k - a scroll of magic mapping
Potions
 g - 2 potions of brilliance
Comestibles
 f - 2 bread rations

Table legend:
 A = Turns spent in this place as a percentage of turns spent in the entire game.
 B = Non-inter-level travel turns spent in this place as a percentage of non-inter-level travel turns spent in the entire game.
 C = Inter-level travel turns spent in this place as a percentage of turns spent in this place.
 D = Turns resting spent in this place as a percentage of non-inter-level travel turns spent in this place.
 E = Turns spent auto-exploring this place as a percentage of non-inter-level travel turns spent in this place.
 F = Non-inter-level travel turns spent in this place divided by the number of levels of this place that you've seen.
                   A       B       C       D       E      F
               +-------+-------+-------+-------+-------+----------------------
         Total | 100.0 | 100.0 |   0.1 |   3.3 |   1.3 | 223.3
       Dungeon | 100.0 | 100.0 |   0.1 |   3.3 |   1.3 | 223.3
               +-------+-------+-------+-------+-------+----------------------


   Skills:
 - Level 1.5 Fighting
 * Level 2.6 Short Blades
 - Level 1.1 Throwing
 - Level 0.6 Armour
 + Level 3.7 Dodging
 + Level 1.9 Stealth
 - Level 3.0 Spellcasting
 + Level 4.5 Translocations


You had 2 spell levels left.
You knew the following spells:

 Your Spells              Type           Power        Failure   Level  Hunger
a - Apportation           Tloc           ###.......   3%          1    #......
b - Blink                 Tloc           N/A          6%          2    ##.....
c - Teleport Other        Tloc           ###.....     12%         3    ###....


Dungeon Overview and Level Annotations

Branches:
Dungeon (3/15)

Altars:
The Shining One

Annotations:
D:3 Crazy Yiuf


Innate Abilities, Weirdness & Mutations

You are tiny and cannot use many weapons and most armour.
You have supernaturally acute eyesight.
You are a herbivore.
You cover ground extremely quickly.
You need consume almost no food.


Message History

Crazy Yiuf misses you.
You hit Crazy Yiuf but do no damage.
Crazy Yiuf is lightly wounded.
Crazy Yiuf cries, "Shadow King stair!"
Crazy Yiuf misses you.
You hit Crazy Yiuf.
Crazy Yiuf is moderately wounded.
Crazy Yiuf closely misses you.
You barely miss Crazy Yiuf.
Crazy Yiuf is moderately wounded.
Crazy Yiuf barely misses you.
You hit Crazy Yiuf.
Crazy Yiuf is moderately wounded.
You barely miss Crazy Yiuf.
Crazy Yiuf is moderately wounded.
Crazy Yiuf whimpers, "Mama koolooloo testudinal!"
Crazy Yiuf barely misses you.
You hit Crazy Yiuf but do no damage.
Crazy Yiuf is moderately wounded.
Crazy Yiuf hits you with a quarterstaff of chaos.
You hit Crazy Yiuf.
Crazy Yiuf is heavily wounded.
Crazy Yiuf says, "Seed snail ena!"
Crazy Yiuf misses you.
You hit Crazy Yiuf but do no damage.
Crazy Yiuf is heavily wounded.
Crazy Yiuf barely misses you.
You barely miss Crazy Yiuf.
Crazy Yiuf is heavily wounded.
You hit Crazy Yiuf.
Crazy Yiuf is heavily wounded.
Crazy Yiuf barely misses you.
You hit Crazy Yiuf.
Crazy Yiuf is severely wounded.
Crazy Yiuf barely misses you.
You hit Crazy Yiuf.
Crazy Yiuf is almost dead.
Crazy Yiuf hits you with a quarterstaff of chaos!
Ouch! That really hurt!
You die...

#... #.##
#.# ##.##
####....
#.....##
#####
#.###.#
#)g.#
#####.# #.##
#.@.#
#...#.# #...
#...#
###.#.###.#.
##'##
#.......>...
♣.♣♣
###.#.##.##÷
♣♣.♣
#.#.##....
♣.♣♣
#.#.##..#.
############
♣♣.♣
#.#.#####.
...........#
♣♣.♣♣
#.#.....#.
...........#
♣PP.♣
#.#####.#.


You could see Crazy Yiuf.

Table legend:
 A = Kills in this place as a percentage of kills in entire the game.
 B = Kills by you in this place as a percentage of kills by you in the entire game.
 C = Kills by friends in this place as a percentage of kills by friends in the entire game.
 D = Other kills in this place as a percentage of other kills in the entire game.
 E = Experience gained in this place as a percentage of experience gained in the entire game.
 F = Experience gained in this place divided by the number of levels of this place that you have seen.
                   A       B       C       D       E      F
               +-------+-------+-------+-------+-------+----------------------
         Total | 100.0 | 100.0 |  -nan |  -nan | 100.0 |  13.7
       Dungeon | 100.0 | 100.0 |  -nan |  -nan | 100.0 |  13.7
               +-------+-------+-------+-------+-------+----------------------

Vanquished Creatures
  An adder (D:3)
  A giant gecko (D:3)
  An orc (D:3)
  2 bats
  3 giant cockroaches
  A goblin (D:2)
  2 hobgoblins
  2 jackals (D:2)
  2 kobolds
  2 giant newts (D:3)
  2 rats (D:3)
  A fungus (D:3)
20 creatures vanquished.

Action                   || total
-------------------------++-------
Melee: Short sword       ||   107
Throw: Tomahawk          ||     4
  Use: Scroll            ||     6

Vault maps used:
D:1:      elethiomel_arrival_shortcut, bh_walls_and_bars
D:2:      lemuel_blue_sif_altar
D:3:      nicolae_overflow_crystal_walls, lemuel_doored_altar, first_bread,
          uniq_crazy_yiuf_cottage
